Map: Eternal Empire LE

Players

Argon

  • Race: Protoss Protoss
  • Spawn Location: 7:00

Guillemon - Winner!

  • Race: Protoss Protoss
  • League: Bronze
  • Spawn Location: 1:00

VOD

Have the link to the VOD?

Description

Time

  • Played on: Nov. 29, 2019, 10:19 a.m.
  • Length: 8:55
Show
View Real Time Build Order
Export as new Build Order

Argon Protoss 

Build Orders:  

Get SALT Encoding   

  12  0:01  Probe  
  13  0:13  Probe  
  14  0:18  Pylon  
  14  0:25  Probe  
  15  0:37  Probe  
  15  0:41  Gateway  
  16  0:49  Probe (Chrono Boost)  
  17  0:52  Assimilator  
  17  1:01  Probe (Chrono Boost), Assimilator  
  18  1:07  Probe (Chrono Boost)  
  19  1:17  Gateway  
  19  1:20  Probe  
  20  1:32  Probe, Cybernetics Core  
  21  1:42  Pylon  
  21  1:44  Probe  
  22  1:56  Probe  
  23  2:08  Warp Gate  
  23  2:09  Stalker x2  
  27  2:30  Pylon  
  27  2:39  Stalker x2  
  31  2:48  Robotics Facility  
  31  2:53  Gateway  
  31  3:59  Pylon  
  31  4:11  Pylon  
  31  4:17  Warp Prism  
  33  4:31  Nexus  
  33  4:34  Stalker x2  
  37  4:46  Stalker  
  37  4:51  Immortal (Chrono Boost)  
  43  5:35  Stalker x2  
  47  5:40  Pylon  
  47  5:42  Pylon  
  47  5:45  Gateway x2  
  47  5:51  Gateway  
  47  5:52  Gateway  
  47  6:02  Stalker x3  
  51  8:00  Stalker x6  
Show
View Real Time Build Order
Export as new Build Order

Guillemon Protoss - Winner!

Build Orders:  

Get SALT Encoding   

  12  0:01  Probe (Chrono Boost)  
  13  0:10  Probe (Chrono Boost)  
  14  0:25  Pylon  
  14  0:26  Probe  
  15  0:34  Assimilator  
  15  0:43  Probe  
  15  0:49  Gateway  
  16  0:55  Probe  
  17  1:05  Assimilator  
  17  1:07  Probe (Chrono Boost)  
  18  1:20  Probe (Chrono Boost)  
  18  1:21  Pylon  
  19  1:31  Probe (Chrono Boost)  
  20  1:44  Cybernetics Core  
  20  1:59  Nexus  
  20  2:02  Forge  
  20  2:19  Probe (Chrono Boost)  
  20  2:21  Warp Gate  
  21  2:29  Adept  
  23  2:34  Probe (Chrono Boost)  
  23  2:56  Photon Cannon  
  23  3:05  Adept (Chrono Boost)  
  25  3:06  Probe  
  25  3:11  Probe  
  27  3:18  Probe  
  28  3:24  Probe  
  29  3:36  Probe (Chrono Boost)  
  30  3:45  Pylon, Probe (Chrono Boost)  
  31  3:50  Zealot  
  31  3:55  Gateway  
  33  4:02  Pylon  
  33  4:09  Shield Battery  
  33  4:11  Photon Cannon, Probe (Chrono Boost)  
  35  4:18  Zealot  
  35  4:22  Gateway, Probe (Chrono Boost)  
  35  4:23  Probe (Chrono Boost)  
  38  4:29  Probe (Chrono Boost)  
  38  4:30  Probe (Chrono Boost)  
  40  4:41  Probe  
  41  4:48  Gateway  
  41  4:51  Probe  
  41  4:52  Gateway  
  42  4:55  Assimilator  
  42  4:58  Assimilator, Protoss Ground Weapons Level 1  
  42  5:01  Probe  
  42  5:03  Probe  
  44  5:15  Probe  
  44  5:20  Sentry  
  44  5:21  Sentry  
  47  5:22  Stalker  
  47  5:27  Gateway  
  49  5:28  Gateway  
  49  5:33  Probe  
  50  5:45  Probe  
  50  5:48  Stalker  
  50  5:49  Gateway, Stalker  
  55  5:50  Stalker x2  
  55  5:52  Stalker  
  61  5:58  Probe (Chrono Boost)  
  62  6:07  Pylon  
  62  6:10  Pylon  
  62  6:15  Pylon  
  62  6:17  Pylon  
  62  6:21  Pylon  
  62  6:25  Probe (Chrono Boost)  
  64  6:26  Probe (Chrono Boost)  
  64  6:28  Gateway  
  64  6:32  Stalker  
  66  6:35  Probe (Chrono Boost)  
  67  6:40  Probe (Chrono Boost)  
  68  7:00  Photon Cannon  
  68  7:02  Photon Cannon  
  68  7:03  Photon Cannon  
  68  7:17  Stalker  
  68  7:18  Stalker  
  72  7:34  Robotics Facility  
  72  7:37  Stalker  
  74  7:51  Stalker x3  
  76  7:52  Stalker  
  82  7:59  Probe x2  
  82  8:00  Twilight Council  
  84  8:14  Pylon  
  84  8:29  Nexus  
  84  8:30  Sentry x3  
  84  8:31  Sentry, Stalker  
  94  8:39  Pylon  
  82  8:55  Stalker  
Tags
 
League
Bronze
Matchup
PvP
Spawn Locations
Cross Positions
Add a new tag
Caveats
  • Supply blocks, unpowered buildings, or Contaminate may cause inaccurate times.
  • Supply counts are checked every 10 seconds.